 Dungeon Sprint DCSS version 0.23.1 (webtiles) character file.

Game seed: 5775546768229590974

949 nuthulu the Protected (level 7, -6/73 HPs)
             Began as a Minotaur Fighter on Mar 5, 2019.
             Was a Follower of Yredelemnul.
             Mangled by an ice devil (16 damage)
             ... summoned by a kobold demonologist
             ... in the Dungeon (Sprint I: "Red Sonja").
             The game lasted 00:01:00 (829 turns).

nuthulu the Protected (Minotaur Fighter)             Turns: 829, Time: 00:01:00

Health: -6/73      AC:  8    Str: 23    XL:     7   Next: 89%
Magic:  8/9        EV:  9    Int:  5    God:    Yredelemnul [*.....]
Gold:   405        SH: 12    Dex:  9    Spells: 6/6 levels left

rFire    . . .     SeeInvis .   a - +0 war axe
rCold    . . .     Gourm    .   c - +0 shield
rNeg     . . .     Faith    .   b - +0 scale mail
rPois    .         Spirit   .   (helmet restricted)
rElec    .         Reflect  .   (no cloak)
rCorr    .         Harm     .   (no gloves)
MR       .....     NoTele   +   (no boots)
Stlth    ..........             (no amulet)
HPRegen  0.22/turn              (no ring)
MPRegen  0.11/turn              (no ring)

@: lightly drained
A: retaliatory headbutt, horns 2
a: Animate Remains, Renounce Religion


You were in the Dungeon.
You worshipped Yredelemnul.
Yredelemnul was aware of your devotion.
You were not hungry.

You visited 1 branch You collected 405 gold pieces.

Inventory:

Hand Weapons
 a - a +0 war axe (weapon)
Armour
 b - a +0 scale mail (worn)
 c - a +0 shield (worn)
Wands
 l - a wand of digging (7)
Scrolls
 k - a scroll of blinking
Potions
 d - a potion of might
 e - a potion of curing
 g - a potion of heal wounds
 h - a potion of haste
 i - 2 potions of magic
 j - a potion of berserk rage
 n - a potion of cancellation {unknown}
Comestibles
 f - a ration


   Skills:
 + Level 10.6(10.2) Fighting
 + Level 10.3(9.9) Axes
 + Level 10.6(10.2) Armour
 + Level 10.6(10.2) Shields
 + Level 4.1(3.8) Invocations


You had 6 spell levels left.
You didn't know any spells.
Your spell library was empty.

Dungeon Overview and Level Annotations

Branches:
Dungeon (1/1)

Altars:
Cheibriados
Dithmenos
Elyvilon
Fedhas
Gozag
Hepliaklqana
Kikubaaqudgha
Makhleb
Nemelex Xobeh
Okawaru
Qazlal
Ru
Sif Muna
Trog
Uskayaw
Vehumet
Wu Jian
Xom
Yredelemnul
Zin
The Shining One
Jiyva
Lugonu

Shops:
D [


Innate Abilities, Weirdness & Mutations

You reflexively headbutt those who attack you in melee.
You have a pair of horns on your head.


Message History

The quasit barely misses you.
The kobold demonologist hits you with a +0 dagger.
* * * LOW HITPOINT WARNING * * *
The soul eater hits you but does no damage.
The ice devil hits you but does no damage.
Unknown command.
You closely miss the kobold demonologist.
Your headbutt misses the kobold demonologist.
The kobold demonologist is heavily wounded.
You hit the ice devil but do no damage. You closely miss the soul eater.
You slash the quasit! You block the quasit's attack.
The quasit claws you but does no damage. x2
You block the kobold demonologist's attack.
The soul eater hits you.
* * * LOW HITPOINT WARNING * * *
The ice devil hits you.
* * * LOW HITPOINT WARNING * * *
The ice devil freezes you!
You die...
Your body rises from the dead as a mindless zombie.

#####################
.)..#..'..#__#.4@K5§#
.#..+).#..'^.§§3#55.#
###'#####'#__####.§§+
##..#...#.#### ####
_####..##(#
____##'#_.+
.∩...÷..._#
..__##_.#'#
____###+#(#


You could see a soul eater, an ice devil, a kobold demonologist, an iron imp, a
quasit and a shadow imp.

Vanquished Creatures
  A kobold demonologist (D)
  A slime creature (D)
  Sigmund (D)
  A yak (D)
  A floating eye (D)
  An ogre (D)
  A jelly (D)
  Ijyb (D)
8 creatures vanquished.

Vanquished Creatures (others)
  A gargoyle (D)
1 creature vanquished.

Grand Total: 9 creatures vanquished

Notes
Turn   | Place    | Note
-------+----------+-------------------------------------------
     0 | D        | nuthulu the Minotaur Fighter began the quest for the Orb.
     0 | D        | Reached XP level 1. HP: 19/19 MP: 0/0
     1 | D        | Noticed Ijyb
    17 | D        | Killed Ijyb
    17 | D        | Reached skill level 5 in Fighting
    17 | D        | Reached skill level 5 in Armour
    17 | D        | Reached skill level 5 in Shields
    17 | D        | Reached XP level 2. HP: 26/29 MP: 1/1
    21 | D        | Noticed an ogre
    26 | D        | Killed an ogre
    26 | D        | Reached skill level 5 in Axes
    26 | D        | Reached XP level 3. HP: 5/38 MP: 2/2
    26 | D        | Reached XP level 4. HP: 6/45 MP: 3/3
   288 | D        | Noticed Sigmund
   295 | D        | Killed Sigmund
   295 | D        | Reached XP level 5. HP: 38/53 MP: 4/4
   394 | D        | Found an ornate altar of the Wu Jian Council.
   394 | D        | Found a deep blue altar of Sif Muna.
   396 | D        | Found a radiant altar of Vehumet.
   400 | D        | Reached XP level 6. HP: 51/62 MP: 5/5
   490 | D        | Killed a gargoyle
   558 | D        | Found Jidghad's Antique Armour Emporium.
   558 | D        | Found an ancient bone altar of Kikubaaqudgha.
   558 | D        | Found a hazy altar of Hepliaklqana.
   558 | D        | Found a stormy altar of Qazlal.
   558 | D        | Found a hide-covered altar of Uskayaw.
   558 | D        | Found a blossoming altar of Fedhas.
   558 | D        | Found a bloodstained altar of Trog.
   558 | D        | Found an iron altar of Okawaru.
   558 | D        | Found a basalt altar of Yredelemnul.
   558 | D        | Found a glowing golden altar of the Shining One.
   558 | D        | Found a snail-covered altar of Cheibriados.
   558 | D        | Found a sacrificial altar of Ru.
   558 | D        | Found a glowing silver altar of Zin.
   558 | D        | Found a shadowy altar of Dithmenos.
   558 | D        | Found a white marble altar of Elyvilon.
   558 | D        | Noticed a yak
   567 | D        | Killed a yak
   568 | D        | Found an opulent altar of Gozag.
   615 | D        | Found a sparkling altar of Nemelex Xobeh.
   621 | D        | Became a worshipper of Yredelemnul the Dark
   677 | D        | Found a viscous altar of Jiyva.
   677 | D        | Found a corrupted altar of Lugonu.
   677 | D        | Noticed a slime creature
   678 | D        | Found a burning altar of Makhleb.
   678 | D        | Found a shimmering altar of Xom.
   684 | D        | Killed a slime creature
   684 | D        | Reached XP level 7. HP: 45/71 MP: 5/7
   816 | D        | Noticed a kobold demonologist
   816 | D        | Noticed a kobold demonologist
   818 | D        | Reached skill level 10 in Fighting
   818 | D        | Reached skill level 10 in Armour
   818 | D        | Reached skill level 10 in Shields
   820 | D        | Noticed a neqoxec
   822 | D        | Noticed a soul eater
   826 | D        | Noticed an ice devil
   827 | D        | Noticed a hellwing
   827 | D        | Killed a kobold demonologist
   827 | D        | Reached * piety under Yredelemnul
   827 | D        | Reached skill level 10 in Axes
   829 | D        | Mangled by an ice devil

Skill      XL: |  1  2  3  4  5  6  7 |
---------------+----------------------+-----
Fighting       | 5 6 8 9 10 | 10.6
Axes           | 4 5 7 9 10 | 10.3
Armour         | 5 6 8 9 10 | 10.6
Shields        | 5 6 8 9 10 | 10.6
Invocations    | 2 4 |  4.1

Action                   |  1- 3 |  4- 6 |  7- 9 || total
-------------------------+-------+-------+-------++-------
Melee: War axe           |    19 |    24 |    12 ||    55
       Headbutt          |     5 |     3 |     1 ||     9
Armor: Scale mail        |     7 |     2 |     9 ||    18
Dodge: Dodged            |     4 |     3 |     5 ||    12
Block: Shield            |    10 |     8 |    11 ||    29
